 Dungeon Crawl Stone Soup version 0.30-a0-779-g7971cf19c3 (webtiles) character file.

Game seed: 4162037028143583478

887 theswoord the Shooter (level 8, -2/67 HPs)
             Began as a Naga Hunter on Feb 17, 2023.
             Slain by a gnoll bouda
             ... wielding a +6 whip of draining
              (13 damage)
             ... on level 5 of the Dungeon.
             The game lasted 00:08:40 (4097 turns).

theswoord the Shooter (Naga Hunter)                 Turns: 4097, Time: 00:08:41

Health: -2/67      AC:  5    Str: 16    XL:     8   Next: 5%
Magic:  7/8        EV:  9    Int:  9    God:
Gold:   380        SH:  0    Dex: 15    Spells: 5/7 levels left

rFire   . . .      SeeInvis +    a - +0 shortbow
rCold   . . .      Faith    .    (shield currently unavailable)
rNeg    . . .      Spirit   .    c - +1 leather armour
rPois   +          Reflect  .    (no helmet)
rElec   .          Harm     .    (no cloak)
rCorr   .          Rampage  .    (no gloves)
Will    +....                    (no barding)
Stlth   ++                       l - amulet of regeneration
HPRegen 1.11/turn                (no ring)
MPRegen 0.11/turn                (no ring)

@: about to teleport, wereblooded, very slow
A: AC +2, large, see invisible, deformed body, poison resistance, slowness 2,
spit poison 1, naga tail 1
a: Spit Poison


You were on level 5 of the Dungeon.
You visited 1 branch of the dungeon, and saw 5 of its levels.

You collected 380 gold pieces.

Inventory:

Hand Weapons
 a - a +0 shortbow (weapon)
Armour
 c - a +1 leather armour (worn)
 o - a +0 helmet
Jewellery
 l - an amulet of regeneration (around neck)
Wands
 r - a wand of mindburst (9)
Scrolls
 b - 3 scrolls of immolation
 d - 2 scrolls of fog
 e - a scroll of amnesia
 h - a scroll of enchant armour
 m - 3 scrolls of teleportation
 p - 2 scrolls of identify
Potions
 f - 2 potions of brilliance
 g - 2 potions of heal wounds
 i - 2 potions of curing
 j - a potion of attraction
 k - 2 potions of lignification
 n - a potion of ambrosia
 q - a potion of magic


   Skills:
 - Level 2.0 Fighting
 + Level 7.6 Ranged Weapons
 - Level 1.5 Dodging
 - Level 1.5 Stealth
 + Level 4.9 Transmutations


You had 5 spell levels left.
You knew the following spells:

 Your Spells              Type           Power      Damage    Failure   Level
a - Wereblood             Tmut           8%         N/A       11%         2

Your spell library contained the following spells:

 Spells                   Type           Power      Damage    Failure   Level
 Beastly Appendage        Tmut           16%        N/A       7%          1
 Apportation              Tloc           0%         N/A       45%         1
 Necrotise                Necr           0%         1d4       45%         1
 Summon Small Mammal      Summ           0%         N/A       45%         1
 Spider Form              Tmut/Pois      4%         N/A       50%         3
 Call Canine Familiar     Summ           0%         N/A       83%         3
 Summon Guardian Golem    Hex/Summ       0%         N/A       83%         3


Dungeon Overview and Level Annotations

Branches:
Dungeon (5/15)
 Temple: D:4-7

Altars:
Elyvilon
Gozag
Nemelex Xobeh
Qazlal
Uskayaw
Xom
The Shining One


Innate Abilities, Weirdness & Mutations

Your serpentine skin is tough. (AC +2)
You have supernaturally acute eyesight. (SInv)
Armour fits poorly on your strangely shaped body.
Your system is resistant to poisons. (rPois)
You cover ground very slowly.
You can spit poison.
You have a snake-like lower body.


Message History

The gnoll barely misses you.
You shoot an arrow. The arrow closely misses the gnoll.
The gnoll closely misses you. The gnoll barely misses you.
The gnoll closely misses you.
You shoot an arrow.
The arrow hits the gnoll but does no damage.
The gnoll hits you with a +0 whip! The gnoll hits you but does no damage.
A gnoll comes into view. It is wielding a +0 halberd.
The gnoll hits you from afar with a +0 halberd.
You shoot an arrow. The arrow hits the gnoll.
You feel a bit better.
You kill the gnoll!
The gnoll hits you from afar with a +0 spear!
The gnoll barely misses you. The gnoll completely misses you.
The gnoll hits you from afar with a +0 halberd.
A gnoll bouda comes into view. It is wielding a +6 whip of draining.
You shoot an arrow. The arrow hits the gnoll.
The gnoll misses you.
The gnoll hits you from afar with a +0 spear.
You shoot an arrow. The arrow completely misses the gnoll.
The arrow hits the gnoll.
The gnoll hits you from afar with a +0 spear.
The gnoll hits you from afar with a +0 halberd!
* * * LOW HITPOINT WARNING * * *
The gnoll bouda barks out a call to the hunt!
The gnolls pick up the pace!
You shoot an arrow. The arrow hits the gnoll!
You kill the gnoll!
You howl as the wereblood boils in your veins!
The gnoll closely misses you.
As you read the scroll of teleportation, it crumbles to dust.
You feel strangely unstable.
The gnoll hits you from afar with a +0 halberd.
* * * LOW HITPOINT WARNING * * *
The gnoll hits you from afar with a +0 halberd!
* * * LOW HITPOINT WARNING * * *
You shoot an arrow. The arrow hits the gnoll bouda!
You howl as the wereblood boils in your veins!
The gnoll hits you from afar with a +0 halberd.
* * * LOW HITPOINT WARNING * * *
The gnoll bouda hits you with a +6 whip of draining!
You die...

......... .......
......# # .....##.. #
....... # ####+###)gg.#
# #......#gg..##.. #
#......#@)...... #
#....).'........ #
#......#....##.. .#
#......####### #..
###....†.....# #..
#..........# +..
#..........###### #..
#...............###+#..
#......................


You could see a gnoll bouda and 3 gnolls.

Vanquished Creatures
  Eustachio (D:5)
  Edmund (D:5)
  A water moccasin (D:5)
  A scorpion (D:5)
  A howler monkey (D:5)
  4 hounds (D:5)
  Jessica (D:3)
  2 orc wizards (D:3)
  10 gnolls
  6 adders
  A worm (D:2)
  A dart slug (D:1)
  3 orcs
  8 endoplasms
  4 giant cockroaches
  6 goblins
  6 hobgoblins
  10 jackals
  4 quokkas
  4 ball pythons
  6 bats
  2 frilled lizards (D:2)
  6 kobolds
  5 rats
94 creatures vanquished.

Vanquished Creatures (others)
  19 fungi (D:3)
19 creatures vanquished.

Grand Total: 113 creatures vanquished

Notes
Turn   | Place    | Note
-------+----------+-------------------------------------------
     0 | D:1      | theswoord the Naga Hunter began the quest for the Orb.
     0 | D:1      | Reached XP level 1. HP: 19/19 MP: 1/1
    46 | D:1      | Reached skill level 4 in Ranged Weapons
    46 | D:1      | Reached XP level 2. HP: 26/26 MP: 2/2
   538 | D:1      | Reached XP level 3. HP: 32/32 MP: 3/3
  1139 | D:2      | Found a faded altar of an unknown god.
  1308 | D:2      | Reached skill level 5 in Ranged Weapons
  1308 | D:2      | Reached XP level 4. HP: 37/39 MP: 4/4
  1840 | D:3      | Reached XP level 5. HP: 23/45 MP: 5/5
  1921 | D:3      | Found an opulent altar of Gozag.
  2090 | D:3      | Found a sparkling altar of Nemelex Xobeh.
  2135 | D:3      | Noticed Jessica
  2136 | D:3      | Killed Jessica
  2228 | D:3      | Learned a level 2 spell: Wereblood
  2440 | D:3      | Reached skill level 6 in Ranged Weapons
  2579 | D:3      | Found an opulent altar of Gozag.
  2666 | D:3      | Found a hide-covered altar of Uskayaw.
  2666 | D:3      | Found a white marble altar of Elyvilon.
  2668 | D:3      | Found a glowing golden altar of the Shining One.
  2668 | D:3      | Found a stormy altar of Qazlal.
  2668 | D:3      | Found a shimmering altar of Xom.
  2923 | D:4      | Reached skill level 1 in Transmutations
  3027 | D:4      | Found a hide-covered altar of Uskayaw.
  3479 | D:4      | Reached XP level 6. HP: 52/52 MP: 6/6
  3627 | D:5      | Entered Level 5 of the Dungeon
  3765 | D:5      | Noticed Eustachio
  3795 | D:5      | Noticed Edmund
  3802 | D:5      | Killed Edmund
  3803 | D:5      | Reached XP level 7. HP: 37/60 MP: 7/7
  3803 | D:5      | Killed Eustachio
  3804 | D:5      | Reached skill level 7 in Ranged Weapons
  3997 | D:5      | Reached XP level 8. HP: 62/67 MP: 8/8
  4097 | D:5      | Slain by a gnoll bouda

Skill      XL: |  1  2  3  4  5  6  7 |
---------------+----------------------+-----
Ranged Weapons | 4 5 6 7 |  7.6
Transmutations | 1 3 4 |  4.9
Fighting       | |  2.0
Dodging        | |  1.5
Stealth        | |  1.5

Action                     |  1- 3 |  4- 6 |  7- 9 || total
---------------------------+-------+-------+-------++-------
   Fire: Shortbow          |    71 |   206 |    79 ||   356
   Cast: Wereblood         |       |     1 |     3 ||     4
Ability: Spit Poison       |     1 |       |       ||     1
    Use: Scroll            |     7 |    11 |     1 ||    19
 Armour: Leather armour    |    10 |    44 |    15 ||    69
  Dodge: Dodged            |    13 |    71 |    42 ||   126

Levels and vault maps discovered:
D:1:      wheals_arrival_linesprint, layout_loops_cross, serial_rivers,
          chequers_serial_rivers_small_3, chequers_serial_rivers_small_3,
          chequers_serial_rivers_micro_b, chequers_serial_rivers_micro_d,
          nicolae_grassy_gnolls
D:2:      layout_basic, ebering_ecumenical_altar_rust
D:3:      layout_loops_corners, amcnicky_altar_gilded,
          mainiacjoe_overflow_cross_hatched, doesnt_xom_only_xom, uniq_jessica
D:4:      layout_gridville, nicolae_overflow_crystal_walls
D:5:      layout_gridville, kennysheep_mini_moat, kennysheep_boxes, uniq_edmund,
          uniq_eustachio
